%YAML 1.1
%TAG !u! tag:unity3d.com,2011:
--- !u!1 &1562614856221792289
GameObject:
  m_ObjectHideFlags: 0
  m_CorrespondingSourceObject: {fileID: 0}
  m_PrefabInstance: {fileID: 0}
  m_PrefabAsset: {fileID: 0}
  serializedVersion: 6
  m_Component:
  - component: {fileID: 7650961941603532391}
  - component: {fileID: 479288753877667440}
  - component: {fileID: 646246455112750661}
  - component: {fileID: 3097115303600891540}
  - component: {fileID: 3216434775159734861}
  m_Layer: 5
  m_Name: AutoRotating
  m_TagString: Untagged
  m_Icon: {fileID: 0}
  m_NavMeshLayer: 0
  m_StaticEditorFlags: 0
  m_IsActive: 1
--- !u!224 &7650961941603532391
RectTransform:
  m_ObjectHideFlags: 0
  m_CorrespondingSourceObject: {fileID: 0}
  m_PrefabInstance: {fileID: 0}
  m_PrefabAsset: {fileID: 0}
  m_GameObject: {fileID: 1562614856221792289}
  m_LocalRotation: {x: -0, y: -0, z: -0, w: 1}
  m_LocalPosition: {x: 0, y: 0, z: 0}
  m_LocalScale: {x: 1, y: 1, z: 1}
  m_ConstrainProportionsScale: 0
  m_Children: []
  m_Father: {fileID: 1567704942785553523}
  m_RootOrder: 1
  m_LocalEulerAnglesHint: {x: 0, y: 0, z: 0}
  m_AnchorMin: {x: 0.5, y: 0.5}
  m_AnchorMax: {x: 0.5, y: 0.5}
  m_AnchoredPosition: {x: 0, y: 0}
  m_SizeDelta: {x: 100, y: 100}
  m_Pivot: {x: 0.5, y: 0.5}
--- !u!114 &479288753877667440
MonoBehaviour:
  m_ObjectHideFlags: 0
  m_CorrespondingSourceObject: {fileID: 0}
  m_PrefabInstance: {fileID: 0}
  m_PrefabAsset: {fileID: 0}
  m_GameObject: {fileID: 1562614856221792289}
  m_Enabled: 1
  m_EditorHideFlags: 0
  m_Script: {fileID: 11500000, guid: 0aa26a1350ad4818836d35f9230b4896, type: 3}
  m_Name: 
  m_EditorClassIdentifier: 
  <Enabled>k__BackingField:
    m_PersistentCalls:
      m_Calls: []
  <Disabled>k__BackingField:
    m_PersistentCalls:
      m_Calls: []
  _rotatingObject: {fileID: 4317263337013904711}
  _cameraProvider: {fileID: 646246455112750661}
  _observables:
  - {fileID: 3097115303600891540}
  _filters:
  - {fileID: 3216434775159734861}
--- !u!114 &646246455112750661
MonoBehaviour:
  m_ObjectHideFlags: 0
  m_CorrespondingSourceObject: {fileID: 0}
  m_PrefabInstance: {fileID: 0}
  m_PrefabAsset: {fileID: 0}
  m_GameObject: {fileID: 1562614856221792289}
  m_Enabled: 1
  m_EditorHideFlags: 0
  m_Script: {fileID: 11500000, guid: d782761c939d4ab08a50a3a37b84d00f, type: 3}
  m_Name: 
  m_EditorClassIdentifier: 
  _providingType: 5
  _serializeCamera: {fileID: 0}
  _cameraObjectTag: BattleCamera
  _cameraObjectName: 
--- !u!114 &3097115303600891540
MonoBehaviour:
  m_ObjectHideFlags: 0
  m_CorrespondingSourceObject: {fileID: 0}
  m_PrefabInstance: {fileID: 0}
  m_PrefabAsset: {fileID: 0}
  m_GameObject: {fileID: 1562614856221792289}
  m_Enabled: 1
  m_EditorHideFlags: 0
  m_Script: {fileID: 11500000, guid: e26c6b33bdd74c0da100f958bc97ccfc, type: 3}
  m_Name: 
  m_EditorClassIdentifier: 
  <Enabled>k__BackingField:
    m_PersistentCalls:
      m_Calls: []
  <Disabled>k__BackingField:
    m_PersistentCalls:
      m_Calls: []
  <Observable>k__BackingField: {fileID: 7650961941603532391}
  <Changed>k__BackingField:
    m_PersistentCalls:
      m_Calls: []
--- !u!114 &3216434775159734861
MonoBehaviour:
  m_ObjectHideFlags: 0
  m_CorrespondingSourceObject: {fileID: 0}
  m_PrefabInstance: {fileID: 0}
  m_PrefabAsset: {fileID: 0}
  m_GameObject: {fileID: 1562614856221792289}
  m_Enabled: 1
  m_EditorHideFlags: 0
  m_Script: {fileID: 11500000, guid: b7811c43487f4300849979c7bbaaa59f, type: 3}
  m_Name: 
  m_EditorClassIdentifier: 
  <Enabled>k__BackingField:
    m_PersistentCalls:
      m_Calls: []
  <Disabled>k__BackingField:
    m_PersistentCalls:
      m_Calls: []
  _x: 1
  _y: 0
  _z: 1
--- !u!1 &1567704942785553520
GameObject:
  m_ObjectHideFlags: 0
  m_CorrespondingSourceObject: {fileID: 0}
  m_PrefabInstance: {fileID: 0}
  m_PrefabAsset: {fileID: 0}
  serializedVersion: 6
  m_Component:
  - component: {fileID: 1567704942785553523}
  - component: {fileID: 1567704942785553518}
  - component: {fileID: 1567704942785553519}
  - component: {fileID: 1567704942785553517}
  - component: {fileID: 3440715275515387927}
  - component: {fileID: 1567704942785553522}
  - component: {fileID: 3136415055494720492}
  m_Layer: 0
  m_Name: ArmoredBoss_Tutorial
  m_TagString: Untagged
  m_Icon: {fileID: 0}
  m_NavMeshLayer: 0
  m_StaticEditorFlags: 0
  m_IsActive: 1
--- !u!224 &1567704942785553523
RectTransform:
  m_ObjectHideFlags: 0
  m_CorrespondingSourceObject: {fileID: 0}
  m_PrefabInstance: {fileID: 0}
  m_PrefabAsset: {fileID: 0}
  m_GameObject: {fileID: 1567704942785553520}
  m_LocalRotation: {x: -0, y: -0, z: -0, w: 1}
  m_LocalPosition: {x: 0, y: 0, z: 0}
  m_LocalScale: {x: 0.009, y: 0.009, z: 0.009}
  m_ConstrainProportionsScale: 0
  m_Children:
  - {fileID: 4317263337013904711}
  - {fileID: 7650961941603532391}
  m_Father: {fileID: 0}
  m_RootOrder: 0
  m_LocalEulerAnglesHint: {x: 0, y: 0, z: 0}
  m_AnchorMin: {x: 0, y: 0}
  m_AnchorMax: {x: 0, y: 0}
  m_AnchoredPosition: {x: 0, y: 2.9000244}
  m_SizeDelta: {x: 1, y: 1}
  m_Pivot: {x: 0.5, y: 0.5}
--- !u!223 &1567704942785553518
Canvas:
  m_ObjectHideFlags: 0
  m_CorrespondingSourceObject: {fileID: 0}
  m_PrefabInstance: {fileID: 0}
  m_PrefabAsset: {fileID: 0}
  m_GameObject: {fileID: 1567704942785553520}
  m_Enabled: 1
  serializedVersion: 3
  m_RenderMode: 2
  m_Camera: {fileID: 0}
  m_PlaneDistance: 100
  m_PixelPerfect: 0
  m_ReceivesEvents: 1
  m_OverrideSorting: 0
  m_OverridePixelPerfect: 0
  m_SortingBucketNormalizedSize: 0
  m_AdditionalShaderChannelsFlag: 25
  m_SortingLayerID: 0
  m_SortingOrder: 0
  m_TargetDisplay: 0
--- !u!114 &1567704942785553519
MonoBehaviour:
  m_ObjectHideFlags: 0
  m_CorrespondingSourceObject: {fileID: 0}
  m_PrefabInstance: {fileID: 0}
  m_PrefabAsset: {fileID: 0}
  m_GameObject: {fileID: 1567704942785553520}
  m_Enabled: 1
  m_EditorHideFlags: 0
  m_Script: {fileID: 11500000, guid: 0cd44c1031e13a943bb63640046fad76, type: 3}
  m_Name: 
  m_EditorClassIdentifier: 
  m_UiScaleMode: 0
  m_ReferencePixelsPerUnit: 100
  m_ScaleFactor: 1
  m_ReferenceResolution: {x: 800, y: 600}
  m_ScreenMatchMode: 0
  m_MatchWidthOrHeight: 0
  m_PhysicalUnit: 3
  m_FallbackScreenDPI: 96
  m_DefaultSpriteDPI: 96
  m_DynamicPixelsPerUnit: 1
  m_PresetInfoIsWorld: 1
--- !u!114 &1567704942785553517
MonoBehaviour:
  m_ObjectHideFlags: 0
  m_CorrespondingSourceObject: {fileID: 0}
  m_PrefabInstance: {fileID: 0}
  m_PrefabAsset: {fileID: 0}
  m_GameObject: {fileID: 1567704942785553520}
  m_Enabled: 1
  m_EditorHideFlags: 0
  m_Script: {fileID: 11500000, guid: 69affe8d64e741de9f46cd1f9ca949b5, type: 3}
  m_Name: 
  m_EditorClassIdentifier: 
  _module: {fileID: 3440715275515387927}
  _id: 12
--- !u!114 &3440715275515387927
MonoBehaviour:
  m_ObjectHideFlags: 0
  m_CorrespondingSourceObject: {fileID: 0}
  m_PrefabInstance: {fileID: 0}
  m_PrefabAsset: {fileID: 0}
  m_GameObject: {fileID: 1567704942785553520}
  m_Enabled: 1
  m_EditorHideFlags: 0
  m_Script: {fileID: 11500000, guid: 3372901dadd942c0b36ab3794ec14df3, type: 3}
  m_Name: 
  m_EditorClassIdentifier: 
  _modules:
  - {fileID: 1567704942785553522}
  - {fileID: 3136415055494720492}
--- !u!114 &1567704942785553522
MonoBehaviour:
  m_ObjectHideFlags: 0
  m_CorrespondingSourceObject: {fileID: 0}
  m_PrefabInstance: {fileID: 0}
  m_PrefabAsset: {fileID: 0}
  m_GameObject: {fileID: 1567704942785553520}
  m_Enabled: 1
  m_EditorHideFlags: 0
  m_Script: {fileID: 11500000, guid: 8fc231da6ea94e638a975b1eec75f549, type: 3}
  m_Name: 
  m_EditorClassIdentifier: 
  _infoLayout: {fileID: 8685889734082259202}
  _duration: 1
--- !u!114 &3136415055494720492
MonoBehaviour:
  m_ObjectHideFlags: 0
  m_CorrespondingSourceObject: {fileID: 0}
  m_PrefabInstance: {fileID: 0}
  m_PrefabAsset: {fileID: 0}
  m_GameObject: {fileID: 1567704942785553520}
  m_Enabled: 1
  m_EditorHideFlags: 0
  m_Script: {fileID: 11500000, guid: 5ac71210047c4894bf1fe0001236b6bb, type: 3}
  m_Name: 
  m_EditorClassIdentifier: 
  _tutorialComponent: {fileID: 1567704942785553517}
  _infoModule: {fileID: 1567704942785553522}
  _unitView: {fileID: 0}
--- !u!1 &5004945475378300813
GameObject:
  m_ObjectHideFlags: 0
  m_CorrespondingSourceObject: {fileID: 0}
  m_PrefabInstance: {fileID: 0}
  m_PrefabAsset: {fileID: 0}
  serializedVersion: 6
  m_Component:
  - component: {fileID: 4317263337013904711}
  - component: {fileID: 8685889734082259202}
  m_Layer: 0
  m_Name: Layout
  m_TagString: Untagged
  m_Icon: {fileID: 0}
  m_NavMeshLayer: 0
  m_StaticEditorFlags: 0
  m_IsActive: 1
--- !u!224 &4317263337013904711
RectTransform:
  m_ObjectHideFlags: 0
  m_CorrespondingSourceObject: {fileID: 0}
  m_PrefabInstance: {fileID: 0}
  m_PrefabAsset: {fileID: 0}
  m_GameObject: {fileID: 5004945475378300813}
  m_LocalRotation: {x: -0, y: -0, z: -0, w: 1}
  m_LocalPosition: {x: 0, y: 0, z: 0}
  m_LocalScale: {x: 1, y: 1, z: 1}
  m_ConstrainProportionsScale: 0
  m_Children:
  - {fileID: 8447328420623158654}
  m_Father: {fileID: 1567704942785553523}
  m_RootOrder: 0
  m_LocalEulerAnglesHint: {x: 0, y: 0, z: 0}
  m_AnchorMin: {x: 0.5, y: 0.5}
  m_AnchorMax: {x: 0.5, y: 0.5}
  m_AnchoredPosition: {x: 0, y: 0}
  m_SizeDelta: {x: 100, y: 100}
  m_Pivot: {x: 0.5, y: 0.5}
--- !u!225 &8685889734082259202
CanvasGroup:
  m_ObjectHideFlags: 0
  m_CorrespondingSourceObject: {fileID: 0}
  m_PrefabInstance: {fileID: 0}
  m_PrefabAsset: {fileID: 0}
  m_GameObject: {fileID: 5004945475378300813}
  m_Enabled: 1
  m_Alpha: 1
  m_Interactable: 0
  m_BlocksRaycasts: 0
  m_IgnoreParentGroups: 0
--- !u!1001 &7288041172657991636
PrefabInstance:
  m_ObjectHideFlags: 0
  serializedVersion: 2
  m_Modification:
    m_TransformParent: {fileID: 4317263337013904711}
    m_Modifications:
    - target: {fileID: 1161544580793721514, guid: 041a90874789cfb489b3c356031a9220, type: 3}
      propertyPath: m_RootOrder
      value: 0
      objectReference: {fileID: 0}
    - target: {fileID: 1161544580793721514, guid: 041a90874789cfb489b3c356031a9220, type: 3}
      propertyPath: m_SizeDelta.x
      value: 0
      objectReference: {fileID: 0}
    - target: {fileID: 1161544580793721514, guid: 041a90874789cfb489b3c356031a9220, type: 3}
      propertyPath: m_LocalPosition.x
      value: 0
      objectReference: {fileID: 0}
    - target: {fileID: 1161544580793721514, guid: 041a90874789cfb489b3c356031a9220, type: 3}
      propertyPath: m_LocalPosition.y
      value: 0
      objectReference: {fileID: 0}
    - target: {fileID: 1161544580793721514, guid: 041a90874789cfb489b3c356031a9220, type: 3}
      propertyPath: m_LocalEulerAnglesHint.x
      value: 0
      objectReference: {fileID: 0}
    - target: {fileID: 1161544580793721514, guid: 041a90874789cfb489b3c356031a9220, type: 3}
      propertyPath: m_LocalEulerAnglesHint.y
      value: 0
      objectReference: {fileID: 0}
    - target: {fileID: 1161544580793721514, guid: 041a90874789cfb489b3c356031a9220, type: 3}
      propertyPath: m_LocalEulerAnglesHint.z
      value: 0
      objectReference: {fileID: 0}
    - target: {fileID: 3637377611948146588, guid: 041a90874789cfb489b3c356031a9220, type: 3}
      propertyPath: m_text
      value: 'This is an armored enemy.

        Shoot in the back for more damage'
      objectReference: {fileID: 0}
    - target: {fileID: 3637377611948146588, guid: 041a90874789cfb489b3c356031a9220, type: 3}
      propertyPath: m_fontColor32.rgba
      value: 9437183
      objectReference: {fileID: 0}
    - target: {fileID: 5494741768265523499, guid: 041a90874789cfb489b3c356031a9220, type: 3}
      propertyPath: m_text
      value: 'This is an armored enemy.

        Shoot in the back for more damage'
      objectReference: {fileID: 0}
    - target: {fileID: 5494741768265523499, guid: 041a90874789cfb489b3c356031a9220, type: 3}
      propertyPath: m_fontColor32.rgba
      value: 4294967295
      objectReference: {fileID: 0}
    - target: {fileID: 6815497317581218698, guid: 041a90874789cfb489b3c356031a9220, type: 3}
      propertyPath: m_Name
      value: UIPulsatingGlowingText
      objectReference: {fileID: 0}
    m_RemovedComponents: []
  m_SourcePrefab: {fileID: 100100000, guid: 041a90874789cfb489b3c356031a9220, type: 3}
--- !u!224 &8447328420623158654 stripped
RectTransform:
  m_CorrespondingSourceObject: {fileID: 1161544580793721514, guid: 041a90874789cfb489b3c356031a9220, type: 3}
  m_PrefabInstance: {fileID: 7288041172657991636}
  m_PrefabAsset: {fileID: 0}
